 Dungeon Crawl Stone Soup version 0.29-a0-375-g5102b3be25 (webtiles) character file.

Game seed: 11099169332403794278

27 flotson the Sneak (level 2, -2/24 HPs)
             Began as a Demonspawn Delver on May 3, 2022.
             Splashed by a jelly's acid (9 damage)
             ... on level 4 of the Dungeon.
             The game lasted 00:02:10 (799 turns).

flotson the Sneak (Demonspawn Delver)                Turns: 799, Time: 00:02:11

Health: -2/24      AC: -4    Str: 12    XL:     2   Next: 93%
Magic:  2/2        EV: 12    Int: 11    God:
Gold:   11         SH:  0    Dex: 14    Spells: 1/1 levels left

rFire   . . .      SeeInvis .   h - +0 war axe
rCold   . . .      Faith    .   (no shield)
rNeg    . . .      Spirit   .   b - +0 leather armour
rPois   .          Reflect  .   (no helmet)
rElec   .          Harm     .   (no cloak)
rCorr   .          Rampage  .   (no gloves)
Will    .....                   (no boots)
Stlth   ++........              (no amulet)
HPRegen 0.08/turn               (no ring)
MPRegen 0.08/turn               (no ring)

@: corroded
A: weakness stinger 1
a: no special abilities


You were on level 4 of the Dungeon.
You visited 2 branches of the dungeon, and saw 4 of its levels.

You collected 11 gold pieces.

Inventory:

Hand Weapons
 a - a +0 spear
 h - a +0 war axe (weapon)
Missiles
 e - 3 boomerangs (quivered)
 l - 4 poisoned darts
Armour
 b - a +0 leather armour (worn)
Wands
 g - a wand of digging (3)
 i - a wand of flame (24)
 n - a wand of acid (5)
Scrolls
 c - a scroll of fog
 d - a scroll of magic mapping
 k - a scroll of brand weapon {unknown}
 m - a scroll of identify {unknown}
Potions
 f - 2 potions of haste
 j - 2 potions of curing {unknown}


   Skills:
 + Level 3.2 Fighting
 + Level 2.0 Polearms
 + Level 0.4 Throwing
 + Level 0.7 Armour
 + Level 2.0 Dodging
 - Level 4.5 Stealth
 + Level 0.9 Evocations


You had one spell level left.
You didn't know any spells.
Your spell library was empty.

Dungeon Overview and Level Annotations

Branches:
Dungeon (5/15)             Temple (1/1) D:4

Altars:
Gozag
Nemelex Xobeh
Ru
Sif Muna

Annotations:
D:3 Robin


Innate Abilities, Weirdness & Mutations

You have a small tail.


Message History

Aim: a jelly (water, wandering, hasn't noticed you, 89% to hit)
You throw a boomerang. The boomerang barely misses the jelly.
The jelly quivers.
Throw: 3 boomerangs
Press: ? - help, Q - select action, (/) - cycle Shift-Dir - straight line, f/p - jelly
Aim: a jelly (water, 89% to hit)
You throw a boomerang. The boomerang hits the jelly.
The jelly is moderately wounded.
Throw: 3 boomerangs
Press: ? - help, Q - select action, (/) - cycle Shift-Dir - straight line, f/p - jelly
Aim: a jelly (water, moderately wounded, 89% to hit)
You throw a boomerang.
The boomerang hits the jelly but does no damage.
The jelly is moderately wounded.
Throw: 3 boomerangs
Press: ? - help, Q - select action, (/) - cycle Shift-Dir - straight line, f/p - jelly
Aim: a jelly (moderately wounded, 89% to hit)
You throw a boomerang. The boomerang hits the jelly.
The jelly is heavily wounded.
Throw: 3 boomerangs
Press: ? - help, Q - select action, (/) - cycle Shift-Dir - straight line, f/p - jelly
Aim: a jelly (heavily wounded, 89% to hit)
You throw a boomerang.
The boomerang hits the jelly but does no damage.
The jelly is heavily wounded.
You hit the jelly. The acid corrodes you!
Your hands burn!
The jelly is heavily wounded.
The jelly closely misses you. The jelly hits you. The acid corrodes you!
You are splashed with acid.
You hit the jelly.
Your hands burn!
The jelly is severely wounded.
The jelly barely misses you.
You are too injured to fight recklessly!
You are too injured to fight recklessly!
You hit the jelly.
Your hands burn!
The jelly is severely wounded.
The jelly hits you.
* * * LOW HITPOINT WARNING * * *
You are splashed with acid!
You die...

#..##≈≈###..(.........#
#..#≈≈≈##............##
#..##≈≈≈#............#.
#..≈≈≈≈≈≈.≈............
#..P.≈≈≈P≈P≈...........
#....≈≈≈≈≈≈≈≈.....#....
#....≈.≈≈≈≈≈≈≈......#.#
#.##..≈≈≈≈≈≈≈P≈≈≈≈≈....
#.###.@J.≈≈≈≈≈≈≈P≈≈.P≈.
#)# ##.≈.≈≈≈≈≈≈≈≈≈≈≈≈≈≈
#.# #..≈≈≈≈≈≈≈≈≈≈≈≈≈≈P
#†# ##...≈.P≈≈≈≈≈≈≈≈≈≈
#.# .#....≈P≈≈g≈≈≈≈≈
#.# ##.##).≈.≈P≈P≈l≈≈.
#.# #..# #.......≈.≈≈.
#.####.####........g...
#.................##...


You could see a jelly.

Vanquished Creatures
  An adder (D:4)
  An ufetubus (D:4)
  An orc (D:4)
  2 endoplasms (D:4)
  2 goblins (D:4)
  3 hobgoblins (D:4)
10 creatures vanquished.

Vanquished Creatures (others)
  6 plants (D:4)
6 creatures vanquished.

Grand Total: 16 creatures vanquished

Notes
Turn   | Place    | Note
-------+----------+-------------------------------------------
     0 | D:5      | flotson the Demonspawn Delver began the quest for the Orb.
     0 | D:5      | Reached XP level 1. HP: 18/18 MP: 1/1
    22 | D:3      | Noticed Robin
    22 | D:3      | Noticed an orc priest
   145 | D:4      | Found a staircase to the Ecumenical Temple.
   165 | Temple   | Entered the Ecumenical Temple
   239 | D:4      | Noticed an iguana
   434 | D:4      | Discovered your monstrous ancestry.
   434 | D:4      | Gained mutation: You have a small tail. [demonic ancestry]
   434 | D:4      | Reached XP level 2. HP: 20/24 MP: 2/2
   799 | D:4      | Splashed by a jelly's acid

Illustrated notes

Levels and vault maps discovered:
D:3:      layout_rooms, nicolae_vehumet_radiance, uniq_jessica, uniq_robin
D:4:      layout_cave_pools, xom_redecorated,
          minmay_temple_entry_drinking_statues, chequers_big_river
D:5:      wander_guarded_unrand_ratskin, layout_basic, zin_statuary,
          nicolae_overflow_crystal_walls, grunt_qazlal_clouds,
          serial_co_window_serial, co_window_paths_b, co_window_paths_a,
          co_window_corner_a, co_window_paths_a, co_window_paths_a,
          co_window_broadway_c, co_window_corner_ca, co_window_paths_c,
          glass_columns_b, glass_columns_a, glass_columns_c, glass_columns_a,
          glass_columns_b
Temple:   zaba_magenta_temple

Skill      XL: |  1 |
---------------+----+-----
Polearms       | 2 |  2.0
Dodging        | 2 |  2.0
Fighting       | |  3.2
Throwing       | |  0.4
Armour         | |  0.7
Stealth        | |  4.5
Evocations     | |  0.9

Action                   || total
-------------------------++-------
Melee: War axe           ||    25
       Tailslap          ||     1
Throw: Dart              ||     6
       Boomerang         ||     6
Evoke: Wand              ||     1
  Use: Scroll            ||     1
Armor: Leather armour    ||    12
Dodge: Dodged            ||    22

Table legend: (Time is in decaauts)
 A = Elapsed time spent in this place.
 B = Non-inter-level travel time spent in this place.
 C = Inter-level travel time spent in this place.
 D = Time resting spent in this place.
 E = Time spent auto-exploring this place.
 F = Levels seen in this place.
 G = Mean time per level.
                   A        B        C        D        E       F      G
               +--------+--------+--------+--------+--------+-----+--------+
         Total |    818 |    818 |      0 |    118 |    467 |   4 |  204.5 |
       Dungeon |    811 |    811 |      0 |    118 |    467 |   3 |  270.3 |
        Temple |      7 |      7 |      0 |      0 |      0 |   1 |    7.0 |
               +--------+--------+--------+--------+--------+-----+--------+

Top non-repeatable levels by time:
     D:4: 785 daAuts
     D:5: 13 daAuts
     D:3: 12 daAuts
  Temple: 7 daAuts
